 Dungeon Crawl Stone Soup version 0.29-a0-1009-g60c99734e7 (webtiles) character file.

Game seed: 7321558036443966401

41 lampshaded the Caller (level 3, 0/19 HPs)
             Began as a Deep Elf Summoner on Aug 9, 2022.
             Slain by a goblin
             ... wielding a +0 club
              (2 damage)
             ... on level 4 of the Dungeon.
             The game lasted 00:08:12 (2254 turns).

lampshaded the Caller (Deep Elf Summoner)           Turns: 2254, Time: 00:08:13

Health: 0/19       AC:  3    Str:  5    XL:     3   Next: 32%
Magic:  3/9        EV: 12    Int: 21    God:
Gold:   91         SH:  0    Dex: 15    Spells: 2/8 levels left

rFire   . . .      SeeInvis .   (no weapon)
rCold   . . .      Faith    .   (no shield)
rNeg    . . .      Spirit   .   a - +0 robe
rPois   .          Reflect  .   (no helmet)
rElec   .          Harm     .   (no cloak)
rCorr   .          Rampage  .   (no gloves)
Will    .....                   j - +0 pair of boots
Stlth   ++........              (no amulet)
HPRegen 0.06/turn               (no ring)
MPRegen 0.11/turn               (no ring)

@: lethally poisoned (0 -> -14)
A: no striking features
a: no special abilities


You were on level 4 of the Dungeon.
You visited 1 branch of the dungeon, and saw 3 of its levels.

You collected 91 gold pieces.

Inventory:

Armour
 a - a +0 robe (worn)
 j - a +0 pair of boots (worn)
Scrolls
 d - 2 scrolls of enchant weapon {unknown}
 e - 2 scrolls of identify {unknown}
 h - a scroll of poison {unknown}
 i - a scroll of teleportation {unknown}
Potions
 b - a potion of magic
 c - a potion of heal wounds {unknown}
 f - a potion of lignification {unknown}
 g - a potion of degeneration {unknown}


   Skills:
 - Level 2.4 Dodging
 - Level 2.4 Stealth
 - Level 3.0 Spellcasting
 * Level 5.7 Summonings


You had 2 spell levels left.
You knew the following spells:

 Your Spells              Type           Power      Damage    Failure   Level
a - Summon Small Mammal   Summ           100%       N/A       1%          1
b - Call Imp              Summ           27%        N/A       1%          2
c - Call Canine Familiar  Summ           27%        N/A       3%          3

Your spell library contained the following spells:

 Spells                   Type           Power      Damage    Failure   Level
 Summon Guardian Golem    Hex/Summ       15%        N/A       12%         3
 Summon Lightning Spire   Summ/Air       15%        N/A       38%         4


Dungeon Overview and Level Annotations

Branches:
Dungeon (2/15)

Altars:
Qazlal


Message History

You are poisoned.
The quokka bites you but does no damage.
Your crimson imp hits the quokka but does no damage.
You feel very sick.
Your quokka bites the quokka but does no damage.
The quokka barely misses you. The goblin closely misses you.
The kobold throws a poisoned dart.
The poisoned dart hits you!
You are lethally poisoned!
Your crimson imp closely misses the quokka.
You barely miss the quokka.
You feel very sick.
Your quokka bites the quokka but does no damage. x2
The quokka bites your quokka. The goblin barely misses you.
Your quokka closely misses the quokka.
The kobold throws a poisoned dart.
The poisoned dart closely misses you. The poisoned dart hits your quokka!
Your quokka is poisoned.
Your crimson imp hits the quokka but does no damage.
You hit the quokka.
The quokka is heavily wounded.
You feel very sick.
Your quokka misses the quokka. The quokka misses you.
Your quokka bites the quokka but does no damage.
The goblin hits you but does no damage.
The kobold throws a poisoned dart.
The poisoned dart hits you!
You are more poisoned.
Your quokka misses the quokka.
Your crimson imp hits the quokka.
You hit the quokka but do no damage.
The quokka is almost dead.
You feel very sick.
The quokka bites you but does no damage.
Your quokka misses the quokka. x2; The kobold throws a poisoned dart.
The poisoned dart barely misses you. The poisoned dart misses your quokka.
The goblin completely misses you.
Your crimson imp barely misses the quokka.
* * * LOW HITPOINT WARNING * * *
You feel very sick.
Your quokka bites the quokka.
The quokka dies!
Your quokka barely misses the goblin.
The goblin hits you with a +0 club.
You die...

..._......##
.≈.≈.^(.≈......
.§###..^^.#....
###..^≈≈§.^##≈....
#...≈≈##≈..#§§^###
#K...≈≈...≈..^....
#.......#..#§#...# #.....#
#..#.#...# .#######@g...#
#..#.#...# .......+†5r..+
#..#.#...# ........#r....#
#..#.#...#
#.......h########..#+#...'
#........#...............#
#........................#
#........................#
#......~.[..~............#
#..............##..#'#....


You could see a goblin (ally target), a kobold, a friendly hound (summoned), a
friendly crimson imp (summoned) and 2 friendly quokkas.

Vanquished Creatures
  A ball python (D:4)
  A goblin (D:4)
2 creatures vanquished.

Vanquished Creatures (collateral kills)
  2 dart slugs
  4 endoplasms
  2 giant cockroaches
  6 goblins
  2 hobgoblins
  4 quokkas
  3 ball pythons
  2 bats
  3 frilled lizards (D:1)
  A kobold (D:1)
  2 rats (D:2)
31 creatures vanquished.

Grand Total: 33 creatures vanquished

Notes
Turn   | Place    | Note
-------+----------+-------------------------------------------
     0 | D:1      | lampshaded the Deep Elf Summoner began the quest for the
                  | Orb.
     0 | D:1      | Reached XP level 1. HP: 10/10 MP: 6/6
   508 | D:1      | Reached skill level 5 in Summonings
   508 | D:1      | Reached XP level 2. HP: 15/15 MP: 6/8
   511 | D:1      | Learned a level 2 spell: Call Imp
  1247 | D:1      | Found a faded altar of an unknown god.
  1458 | D:2      | Reached XP level 3. HP: 19/19 MP: 4/9
  1725 | D:2      | Learned a level 3 spell: Call Canine Familiar
  1894 | D:2      | You fall into a shaft and drop 2 floors!
  2191 | D:4      | Found a stormy altar of Qazlal.
  2254 | D:4      | Slain by a goblin

Illustrated notes

Levels and vault maps discovered:
D:1:      lightli_arrival_boilingwater, layout_basic,
          hellmonk_ecumenical_altar_arch_garden
D:2:      layout_loops_corners, grunt_ministairs_6,
          chequers_serial_rivers_marsh, uniq_robin
D:4:      layout_basic, grunt_qazlal_sundering, skrybe_limestone_x,
          minmay_statues_item, minmay_unequal

Skill      XL: |  1 |
---------------+----+-----
Summonings     | 5 |  5.7
Dodging        | |  2.4
Stealth        | |  2.4
Spellcasting   | |  3.0

Action                   || total
-------------------------++-------
Melee: Unarmed           ||    19
 Cast: Summon Small Mamm ||    56
       Call Imp          ||    17
       Call Canine Famil ||     1
 Stab: Distracted        ||     1
Armor: Robe              ||     8
Dodge: Dodged            ||    32

Table legend: (Time is in decaauts)
 A = Elapsed time spent in this place.
 B = Non-inter-level travel time spent in this place.
 C = Inter-level travel time spent in this place.
 D = Time resting spent in this place.
 E = Time spent auto-exploring this place.
 F = Levels seen in this place.
 G = Mean time per level.
                   A        B        C        D        E       F      G
               +--------+--------+--------+--------+--------+-----+--------+
         Total |   2256 |   2234 |     22 |    294 |   1624 |   3 |  752.0 |
       Dungeon |   2256 |   2234 |     22 |    294 |   1624 |   3 |  752.0 |
               +--------+--------+--------+--------+--------+-----+--------+

Top non-repeatable levels by time:
     D:1: 1377 daAuts
     D:2: 519 daAuts
     D:4: 359 daAuts
